 Dungeon Crawl Stone Soup version 0.27.1-34-g3ba077fa99 (webtiles) character file.

Game seed: 1703701778983091612

468 sankara the Ruffian (level 6, -2/52 (56) HPs)
             Began as a Minotaur Monk on Jan 22, 2022.
             Slain by a wight (4 damage)
             ... on level 5 of the Dungeon.
             The game lasted 00:03:48 (3307 turns).

sankara the Ruffian (Minotaur Monk)                 Turns: 3307, Time: 00:03:48

HP:   -2/52 (56)    AC: 11    Str: 16    XL:     6   Next: 81%
MP:   5/5           EV:  6    Int:  7    God:
Gold: 147           SH:  0    Dex: 14    Spells: 5/5 levels left

rFire    . . .     SeeInvis .     - Unarmed
rCold    . . .     Faith    .   (no shield)
rNeg     . . .     Spirit   .   e - +0 plate armour
rPois    .         Reflect  .   (helmet restricted)
rElec    .         Harm     .   (no cloak)
rCorr    .         Rampage  .   (no gloves)
Will     .....                  (no boots)
Stlth    ..........             (no amulet)
HPRegen  0.17/turn              (no ring)
MPRegen  0.09/turn              (no ring)

@: drained
A: horns 2, retaliatory headbutt
a: no special abilities


You were on level 5 of the Dungeon.
You visited 1 branch of the dungeon, and saw 5 of its levels.

You collected 147 gold pieces.

Inventory:

Missiles
 b - 86 stones (quivered)
 g - 3 curare-tipped darts
 h - 25 sling bullets
 n - 18 poisoned darts
Armour
 e - a +0 plate armour (worn)
Jewellery
 k - an amulet of reflection
Wands
 a - a wand of polymorph (6)
 l - a wand of digging (4)
Scrolls
 c - a scroll of vulnerability
 o - a scroll of amnesia
Potions
 d - 2 potions of curing {unknown}
 f - a potion of heal wounds
 i - 3 potions of lignification {unknown}
 j - 2 potions of haste {unknown}
 m - a potion of might {unknown}
 p - 2 potions of ambrosia {unknown}


   Skills:
 + Level 5.2 Fighting
 + Level 3.4 Armour
 + Level 4.7 Dodging
 - Level 1.5 Stealth
 * Level 6.0 Unarmed Combat


You had 5 spell levels left.
You didn't know any spells.
Your spell library contained the following spells:

 Spells                   Type           Power      Damage    Failure   Level
 Corpse Rot               Necr/Air       N/A        N/A       100%        2
 Poisonous Vapours        Pois/Air       0%         N/A       100%        2
 Freezing Cloud           Conj/Ice/Air   0%         6-21      100%        5


Dungeon Overview and Level Annotations

Branches:
Dungeon (5/15)
 Temple: D:4-7

Altars:
Kikubaaqudgha
Wu Jian

Shops:
D:5 =


Innate Abilities, Weirdness & Mutations

You have a pair of horns on your head.
You reflexively headbutt those who attack you in melee.


Message History

The wight is moderately damaged.
You barely miss the wight. You headbutt the wight!
The wight is heavily damaged.
You hit the wight.
The wight is almost destroyed.
The wight completely misses you. You furiously retaliate!
You headbutt the wight.
You destroy the wight!
Your Unarmed Combat skill increases to level 6!
You barely miss the wight. Your headbutt misses the wight.
The wight is moderately damaged.
You hit the wight. Your headbutt misses the wight.
The wight is heavily damaged.
The wight hits you with a +4 mace of freezing!
You feel drained. The wight freezes you.
You are too injured to fight recklessly!
You are too injured to fight recklessly!
You are too injured to fight recklessly!
You are too injured to fight recklessly!
You are too injured to fight recklessly!
You are too injured to fight recklessly!
You are too injured to fight recklessly!
You are too injured to fight recklessly!
You are too injured to fight recklessly!
You are too injured to fight recklessly!
You are too injured to fight recklessly!
You are too injured to fight recklessly!
You are too injured to fight recklessly!
You are too injured to fight recklessly!
Unknown command.
You hit the wight but do no damage.
The wight is heavily damaged.
The wight hits you with a +4 mace of freezing!
* * * LOW HITPOINT WARNING * * *
You feel drained.
* * * LOW HITPOINT WARNING * * *
The wight freezes you.
* * * LOW HITPOINT WARNING * * *
The wight hits you with a +4 mace of freezing.
You die...

##### ####...## ####
##.##....###..##
###...#..[..#....#
##.##........#..###
#...@......#..<.####
#..)z...##........#.##
#.........#...........##
#...#.#................#
#....###.<...#.........##
.##. ......#......##.#. .
....#..#...##.#..#. ..
...##.#...........
...........##


You could see a wight.

Vanquished Creatures
  2 necrophages
  A wight (D:5)
  A howler monkey (D:3)
  A bullfrog zombie (D:5)
  A centaur zombie (D:5)
  Ijyb (D:3)
  5 adders
  A gnoll (D:1)
  A worm (D:2)
  3 dart slugs
  An orc (D:2)
  4 endoplasms
  3 giant cockroaches
  13 goblins
  4 hobgoblins
  4 jackals (D:2)
  6 kobolds
  2 quokkas
  4 ball pythons
  5 bats
  4 frilled lizards
  4 rats
71 creatures vanquished.

Notes
Turn   | Place    | Note
-------+----------+-------------------------------------------
     0 | D:1      | sankara the Minotaur Monk began the quest for the Orb.
     0 | D:1      | Reached XP level 1. HP: 19/19 MP: 0/0
    40 | D:1      | Reached XP level 2. HP: 6/27 MP: 1/1
   723 | D:1      | Reached skill level 4 in Unarmed Combat
   723 | D:1      | Reached XP level 3. HP: 30/33 MP: 2/2
   826 | D:1      | Reached skill level 1 in Armour
  1145 | D:2      | Found a faded altar of an unknown god.
  1557 | D:2      | Reached XP level 4. HP: 22/40 MP: 3/3
  2026 | D:2      | Found an ancient bone altar of Kikubaaqudgha.
  2120 | D:3      | Noticed Ijyb
  2145 | D:3      | Killed Ijyb
  2323 | D:3      | Reached XP level 5. HP: 25/36 MP: 4/4
  2328 | D:3      | Reached skill level 5 in Unarmed Combat
  2563 | D:3      | Noticed a necrophage
  2577 | D:3      | Killed a necrophage
  2578 | D:3      | Reached XP level 6. HP: 32/51 MP: 5/5
  2905 | D:5      | Entered Level 5 of the Dungeon
  2977 | D:5      | Reached skill level 5 in Fighting
  3097 | D:5      | Found an ornate altar of the Wu Jian Council.
  3247 | D:5      | Found Tuthiw's Jewellery Shoppe.
  3304 | D:5      | Reached skill level 6 in Unarmed Combat
  3306 | D:5      | HP: 1/52 [wight (4)]
  3307 | D:5      | Slain by a wight

Illustrated notes

Levels and vault maps discovered:
D:1:      amcnicky_arrival_underground_garden, layout_rooms,
          kennysheep_minor_cross
D:2:      layout_basic, basic_altar, hellmonk_ecumenical_altar_blasted,
          minmay_misc_feat_alley
D:3:      layout_rooms, uniq_ijyb
D:4:      minmay_polygon_palace, layout_layer_cave, uniq_grinder,
          uniq_blork_the_orc
D:5:      layout_cave_pools, nicolae_wu_jian_glorious_leap, serial_shops,
          nicolae_take_the_stairs, chequers_arboretum, water_boxes_lemuel

Skill      XL: |  1  2  3  4  5  6 |
---------------+-------------------+-----
Fighting       | 4 5 |  5.2
Unarmed Combat | 4 5 6 |  6.0
Armour         | 1 2 3 |  3.4
Dodging        | 4 |  4.7
Stealth        | |  1.5

Action                   |  1- 3 |  4- 6 || total
-------------------------+-------+-------++-------
Melee: Unarmed           |   101 |   113 ||   214
       Headbutt          |    16 |    30 ||    46
       Punch             |       |     1 ||     1
  Use: Scroll            |       |     7 ||     7
Armor: Robe              |     6 |       ||     6
       Leather armour    |     2 |       ||     2
       Plate armour      |    53 |    60 ||   113
Dodge: Dodged            |    39 |    24 ||    63
